 Dungeon Crawl Stone Soup version 0.28.0-62-gf88900778d (webtiles) character file.

Game seed: 13512503232538549838

4036 cbfl8 the Cleaver (level 10, -11/86 HPs)
             Began as a Minotaur Fighter on Mar 14, 2023.
             Was an Elder of Elyvilon.
             Killed by divine providence
             ... invoked by an orc priest
              (17 damage)
             ... on level 6 of the Dungeon.
             The game lasted 00:09:39 (9035 turns).

cbfl8 the Cleaver (Minotaur Fighter)                Turns: 9035, Time: 00:09:39

Health: -11/86     AC: 10    Str: 21    XL:     10   Next: 4%
Magic:  11/11      EV: 10    Int:  5    God:    Elyvilon [****..]
Gold:   232        SH: 10    Dex: 14    Spells: 9/9 levels left

rFire   . . .      SeeInvis .   a - +0 war axe
rCold   . . .      Faith    .   d - +0 kite shield
rNeg    . . .      Spirit   .   v - +0 swamp dragon scales
rPois   +          Reflect  .   r - +1 hat
rElec   .          Harm     .   (no cloak)
rCorr   .          Rampage  .   (no gloves)
Will    .....                   (no boots)
Stlth   +.........              (no amulet)
HPRegen 0.24/turn               (no ring)
MPRegen 0.12/turn               (no ring)

@: no status effects
A: horns 2, retaliatory headbutt
a: Renounce Religion, Purification, Heal Other, Heal Self


You were on level 6 of the Dungeon.
You worshipped Elyvilon.
Elyvilon was greatly pleased with you.
You visited 1 branch of the dungeon, and saw 6 of its levels.
You also visited: Sewer.

You collected 232 gold pieces.

Inventory:

Hand Weapons
 a - a +0 war axe (weapon)
Armour
 c - a +0 buckler
 d - a +0 kite shield (worn)
 r - a +1 hat (worn)
 v - +0 swamp dragon scales (worn)
Scrolls
 b - a scroll of magic mapping {unknown}
 f - a scroll of fog
 i - 3 scrolls of teleportation
 n - 2 scrolls of blinking
 w - a scroll of fear {unknown}
Potions
 e - a potion of flight {unknown}
 g - 4 potions of resistance
 j - 2 potions of cancellation
 k - 2 potions of heal wounds
 m - 3 potions of magic {unknown}
 o - a potion of haste {unknown}
 p - a potion of mutation {unknown}
 q - a potion of brilliance {unknown}
 s - 2 potions of lignification {unknown}
 t - a potion of curing {unknown}
 u - 2 potions of attraction {unknown}


   Skills:
 + Level 7.5 Fighting
 + Level 10.2 Axes
 + Level 7.7 Armour
 + Level 3.6 Dodging
 + Level 1.6 Stealth
 + Level 5.9 Shields
 * Level 2.9 Invocations
 * Level 5.3 Evocations


You had 9 spell levels left.
You didn't know any spells.
Your spell library was empty.

Dungeon Overview and Level Annotations

Branches:
Dungeon (6/15)             Temple (0/1) D:6           Sewer (visited)

Altars:
Ashenzari
Elyvilon
Fedhas
Nemelex Xobeh
Okawaru
Uskayaw

Shops:
D:2 *

Annotations:
D:2 1 runed translucent door, Crazy Yiuf
D:4 2 transporters, NeilCOOKIE's ghost, amateur MiBe


Innate Abilities, Weirdness & Mutations

You have a pair of horns on your head.
You reflexively headbutt those who attack you in melee.


Message History

The orc warrior hits you with a +0 trident!
You closely miss the orc warrior.
The orc warrior is heavily wounded.
The orc warrior closely misses you. You furiously retaliate!
You headbutt the orc warrior, but do no damage.
You barely miss the orc warrior.
The orc warrior is heavily wounded.
The orc warrior hits you with a +0 trident.
You hit the orc warrior but do no damage.
You headbutt the orc warrior, but do no damage.
The orc warrior is heavily wounded.
You block the orc warrior's attack. The orc priest barely misses you.
You barely miss the orc warrior. You headbutt the orc warrior.
The orc warrior is heavily wounded.
You slash the orc priest!
The orc warrior hits you with a +0 trident!
The orc priest hits you but does no damage.
The orc warrior hits you with a +0 trident!
You are too injured to fight recklessly!
You hit the orc warrior. You headbutt the orc warrior.
The orc warrior is almost dead.
You hit the orc priest.
The orc priest hits you but does no damage.
You block the orc warrior's attack.
You hit the orc warrior but do no damage.
Your headbutt misses the orc warrior.
The orc warrior is almost dead.
You barely miss the orc priest.
The orc priest invokes the aid of Beogh against you.
Pain shoots through your body!
* * * LOW HITPOINT WARNING * * *
The orc warrior hits you with a +0 trident!
* * * LOW HITPOINT WARNING * * *
Unknown command.
You slash the orc warrior!
You kill the orc warrior!
You barely miss the orc priest.
The orc priest calls down the wrath of Beogh upon you.
Beogh smites you!
You die...

#...#############''''############
#...#............................
#####≈≈≈og≈≈≈≈≈≈≈....≈≈≈≈≈≈≈≈≈≈≈≈
≈≈≈≈≈≈≈≈≈§≈≈≈≈≈≈≈....≈≈≈≈≈≈≈≈≈≈≈≈
≈≈≈≈≈≈≈≈≈§≈≈≈≈≈≈≈....≈≈≈≈K≈≈≈≈≈≈≈
..................)..............
###########...###..######.(#####.
#..####o## #..#####. ##.## #@)#
#..)))>.) ###..####)## ##..)....
#.)..)..).# ######.. ##.#####)###
#.. #..# #)## #.. ##.# #..# #..
#.# #..# #.. #.#####..# #..
#........# ###..


You could see an orc priest.

Vanquished Creatures
  A kobold demonologist (D:6)
  Maggie (D:6)
  A troll (D:6)
  A steam dragon (D:6)
  Menkaure (D:4)
  A warg (D:6)
  Duvessa (D:6)
  A water moccasin (D:5)
  2 orc warriors (D:6)
  A black bear (D:4)
  2 ice beasts (D:5)
  8 ogres
  A centaur (D:6)
  2 phantoms
  A kobold brigand (Sewer)
  3 gnoll sergeants (D:6)
  A scorpion (D:5)
  A water moccasin skeleton (D:6)
  Dowan (D:6)
  7 howler monkeys
  2 bullfrog zombies
  A centaur zombie (D:5)
  8 hounds
  An orc priest (D:6)
  A gnoll shaman (D:6)
  A centaur skeleton (D:5)
  An iguana (D:6)
  8 orc wizards
  4 adders
  3 gnolls (D:6)
  2 adder zombies (D:5)
  An adder skeleton (D:4)
  2 worms (D:2)
  3 dart slugs
  12 orcs
  8 ball pythons
  2 endoplasms
  7 giant cockroaches
  8 goblins
  7 hobgoblins
  3 jackals (D:2)
  9 quokkas
  8 bats
  5 frilled lizards
  14 kobolds
  6 rats
165 creatures vanquished.

Vanquished Creatures (others)
  A fungus (D:2)
  5 plants
6 creatures vanquished.

Grand Total: 171 creatures vanquished

Notes
Turn   | Place    | Note
-------+----------+-------------------------------------------
     0 | D:1      | cbfl8 the Minotaur Fighter began the quest for the Orb.
     0 | D:1      | Reached XP level 1. HP: 19/19 MP: 0/0
   171 | D:1      | Reached XP level 2. HP: 27/27 MP: 1/1
   506 | D:1      | Reached skill level 3 in Axes
   809 | D:2      | Reached XP level 3. HP: 33/33 MP: 2/2
  1427 | D:2      | Reached XP level 4. HP: 40/40 MP: 3/3
  1440 | D:2      | Found Veixigru's Assorted Antiques.
  1544 | D:2      | Found a runed translucent door.
  1545 | D:2      | Noticed Crazy Yiuf
  1705 | D:3      | Found a faded altar of an unknown god.
  1707 | D:3      | Reached skill level 4 in Axes
  1734 | D:3      | Prayed at the altar of an unknown god.
  1734 | D:3      | Became a worshipper of Elyvilon the Healer
  1734 | D:3      | Reached * piety under Elyvilon
  2246 | D:3      | Reached ** piety under Elyvilon
  2257 | D:3      | Identified the +2 robe of the Trilobite {Slay+2}
  2473 | D:4      | Found a transporter.
  2488 | D:4      | Noticed NeilCOOKIE's ghost (amateur MiBe)
  2490 | D:4      | Found a transporter.
  2549 | D:4      | Reached skill level 1 in Evocations
  2628 | D:4      | Found a glowing drain.
  2654 | Sewer    | Entered a sewer
  2857 | Sewer    | Reached XP level 5. HP: 46/46 MP: 4/4
  3383 | D:4      | Reached *** piety under Elyvilon
  3404 | D:4      | Noticed Menkaure
  3411 | D:4      | Killed Menkaure
  3412 | D:4      | Reached skill level 5 in Axes
  3412 | D:4      | Reached skill level 1 in Dodging
  3412 | D:4      | Reached XP level 6. HP: 32/53 MP: 5/5
  3579 | D:4      | Reached skill level 5 in Armour
  3830 | D:5      | Entered Level 5 of the Dungeon
  3881 | D:5      | Reached XP level 7. HP: 18/60 MP: 6/6
  4264 | D:5      | Reached skill level 6 in Axes
  4512 | D:5      | Reached skill level 5 in Fighting
  5434 | D:5      | Reached skill level 7 in Axes
  5434 | D:5      | Reached XP level 8. HP: 69/69 MP: 7/7
  5577 | D:5      | Reached **** piety under Elyvilon
  5582 | D:5      | Reached skill level 5 in Shields
  6151 | D:6      | Found a hide-covered altar of Uskayaw.
  6151 | D:6      | Found an iron altar of Okawaru.
  6159 | D:6      | Found a blossoming altar of Fedhas.
  6161 | D:6      | Found a sparkling altar of Nemelex Xobeh.
  6163 | D:6      | Found a broken altar of Ashenzari.
  6263 | D:6      | Noticed Maggie
  6270 | D:6      | Killed Maggie
  6271 | D:6      | Reached skill level 8 in Axes
  6678 | D:6      | Noticed Dowan
  6684 | D:6      | Noticed Duvessa
  6695 | D:6      | Reached skill level 1 in Stealth
  6697 | D:6      | Killed Duvessa
  6698 | D:6      | Killed Dowan
  6918 | D:6      | Noticed a kobold demonologist
  6919 | D:6      | Noticed a rust devil
  6983 | D:6      | Found a staircase to the Ecumenical Temple.
  7018 | D:6      | Reached XP level 9. HP: 45/75 MP: 8/8
  7260 | D:6      | Elyvilon protects you from harm!
  7261 | D:6      | Elyvilon protects you from harm!
  7262 | D:6      | Elyvilon protects you from harm!
  7635 | D:6      | Reached skill level 9 in Axes
  7635 | D:6      | Reached skill level 1 in Invocations
  8033 | D:6      | Noticed a troll
  8195 | D:6      | Killed a troll
  8199 | D:6      | Reached skill level 5 in Evocations
  8569 | D:6      | Reached skill level 10 in Axes
  8858 | D:6      | Killed a kobold demonologist
  8859 | D:6      | Reached XP level 10. HP: 86/86 MP: 11/11
  9035 | D:6      | Killed from afar by an orc priest

Illustrated notes

Levels and vault maps discovered:
D:1:      heliophobic_arrival_dark_side_of_the_moon, layout_basic
D:2:      layout_loops_ring, serial_shops, shop, uniq_crazy_yiuf_cottage
D:3:      layout_basic, hellmonk_ecumenical_altar_zigzags, st_stairs_10
D:4:      layout_cave_pools, gammafunk_ghost_mausoleum, portal_sewer_entry_f,
          uniq_menkaure
D:5:      layout_layer_cave
D:6:      lemuel_castle_with_subvaults [lemuel_castle_interior_original],
          layout_loops_ring, chequers_temple_overflow_minitemple,
          minmay_temple_entry_nine_rooms, dk_vineyard_3, uniq_duvessa,
          uniq_maggie

Skill      XL: |  1  2  3  4  5  6  7  8  9 |
---------------+----------------------------+-----
Shields        | 4 5 |  5.9
Axes           | 3 4 5 7 8 10 | 10.2
Armour         | 4 5 6 7 |  7.7
Fighting       | 4 5 6 7 |  7.5
Evocations     | 1 2 3 4 5 |  5.3
Dodging        | 1 2 3 |  3.6
Stealth        | 1 |  1.6
Invocations    | 2 |  2.9

Action                   |  1- 3 |  4- 6 |  7- 9 | 10-12 || total
-------------------------+-------+-------+-------+-------++-------
Melee: War axe           |    87 |   132 |   231 |    12 ||   462
       Headbutt          |     9 |    13 |    43 |     4 ||    69
  Use: Scroll            |       |     7 |     4 |       ||    11
       Potion            |       |       |     2 |       ||     2
Armor: Scale mail        |    42 |    50 |    25 |       ||   117
       Swamp dragon scal |       |       |    53 |     3 ||    56
Dodge: Dodged            |    31 |    66 |   112 |     2 ||   211
Block: Buckler           |    17 |    35 |    30 |       ||    82
       Kite shield       |       |       |    45 |     5 ||    50
